 Dungeon Crawl Stone Soup version 0.21-a0-504-g2eda330 (webtiles) character file.

4634 kae the Geomancer (level 10, -3/59 HPs)
             Began as a Gargoyle Earth Elementalist on Nov 25, 2017.
             Was a Priest of Vehumet.
             Slain by an orc warrior
             ... wielding a +0 long sword
              (8 damage)
             ... on level 8 of the Dungeon.
             The game lasted 00:11:23 (8913 turns).

kae the Geomancer (Gargoyle Earth Elementalist)     Turns: 8913, Time: 00:11:24

Health: -3/59      AC: 15    Str: 13    XL:     10   Next: 43%
Magic:  15/21      EV: 14    Int: 18    God:    Vehumet [***...]
Gold:   269        SH:  0    Dex: 14    Spells: 19/23 levels left

rFire    . . .     SeeInvis +   h - +1 whip (flame)
rCold    . . .     Gourm    .   (no shield)
rNeg     + . .     Faith    .   t - +2 robe
rPois    ∞         Spirit   .   q - +2 hat
rElec    +         Reflect  .   (no cloak)
rCorr    .         Harm     .   k - +1 pair of gloves
MR       .....                  (no boots)
Stlth    ++........             (no amulet)
HPRegen  0.19/turn              x - ring of see invisible
MPRegen  0.17/turn              c - +4 ring of dexterity

@: no status effects
A: negative energy resistance 1, electricity resistance, unbreathing,
petrification resistance, rot immunity, AC +7
a: Renounce Religion


You were on level 8 of the Dungeon.
You worshipped Vehumet.
Vehumet was most pleased with you.
You were not hungry.

You visited 2 branches of the dungeon, and saw 9 of its levels.

You collected 407 gold pieces.
You spent 138 gold pieces at shops.

Inventory:

Hand Weapons
 h - a +1 whip of flaming (weapon)
Missiles
 b - 75 stones (quivered)
Armour
 k - a +1 pair of gloves (worn)
 q - a +2 hat (worn)
 t - a +2 robe (worn)
Jewellery
 c - a +4 ring of dexterity (right hand)
 x - a ring of see invisible (left hand)
Wands
 v - a wand of flame (36)
Scrolls
 a - a scroll of magic mapping
 f - 2 scrolls of enchant armour
 p - 5 scrolls of remove curse
 y - a scroll of enchant weapon
 z - 3 scrolls of identify
Potions
 g - 5 potions of curing
 i - 2 potions of berserk rage
 j - 2 potions of might
 n - 3 potions of cancellation
 o - 2 potions of ambrosia
 r - a potion of invisibility
 s - 3 potions of heal wounds
 A - a potion of flight {unknown}
Books
 e - a book of Geomancy

   Spells                             Type                      Level
   a - Sandblast                      Earth                        1
   b - Passwall                       Transmutation/Earth          2
   c - Stone Arrow                    Conjuration/Earth            3
   d - Petrify                        Transmutation/Earth          4
   e - Lee's Rapid Deconstruction     Earth                        5
Comestibles
 d - 5 bread rations
 l - 2 meat rations
 m - 13 fruits
 u - 5 chunks of flesh
 w - 4 royal jellies


   Skills:
 + Level 5.4 Fighting
 + Level 4.4 Dodging
 - Level 2.1 Stealth
 * Level 7.3 Spellcasting
 * Level 7.9 Conjurations
   Level 0.7 Transmutations
 * Level 9.9 Earth Magic


You had 19 spell levels left.
You knew the following spells:

 Your Spells              Type           Power        Failure   Level  Hunger
a - Sandblast             Erth           #####.       1%          1    None
b - Stone Arrow           Conj/Erth      #####.       1%          3    #......


Dungeon Overview and Level Annotations

Branches:
Dungeon (8/15)             Temple (1/1) D:4
   Lair: D:8-11

Altars:
Ashenzari
Cheibriados
Dithmenos
Elyvilon
Fedhas
Gozag
Hepliaklqana
Kikubaaqudgha
Makhleb
Nemelex Xobeh
Okawaru
Qazlal
Ru
Sif Muna
Trog
Uskayaw
Vehumet
Wu Jian
Yredelemnul
Zin
The Shining One

Shops:
D:6 *

Annotations:
D:3 Sigmund


Innate Abilities, Weirdness & Mutations

You are resistant to torment.
Your stone body is resilient. (AC +7)
You are immune to poison.
You resist negative energy. (rN+)
You are resistant to electric shocks. (rElec)
You can survive without breathing.
You are immune to petrification.
You are immune to rotting.


Message History

Casting: Sandblast
Confirm with . or Enter, or press ? or * to list all spells.
Aiming: Sandblast
Press: ? - help, Shift-Dir - straight line, f/p - orc warrior
Aim: an orc warrior, wielding a long sword and wearing a runed chain mail (moderately wounded)
The blast of sand misses the orc warrior.
b - 76 stones The orc priest invokes the aid of Beogh against you.
Beogh smites you!
* * * LOW HITPOINT WARNING * * *
The orc warrior barely misses you. The orc completely misses you.
Casting: Sandblast
Confirm with . or Enter, or press ? or * to list all spells.
Aiming: Sandblast
Press: ? - help, Shift-Dir - straight line, f/p - orc warrior
Aim: an orc warrior, wielding a long sword and wearing a runed chain mail (moderately wounded)
The blast of sand misses the orc warrior.
b - 75 stones The orc warrior hits you with a long sword!
You die...

#.....†......
#.........###
##..##..)..# #
#####..##...)<.###
#..........)()..##
#...............#
#......(.####...##
###o......##
##.... #.o@......#
#..>.
......#o......#
#.... ...##
######### #.... .
#.... #.... #....
#####


You could see an orc warrior, an orc priest and an orc.

Vanquished Creatures
  A two-headed ogre (D:6)
  Pikel (D:5)
  Grinder (D:4)
  A hippogriff (D:8)
  A wyvern (D:8)
  Menkaure (D:6)
  Duvessa (D:4)
  An ice beast (D:8)
  2 sky beasts
  A black bear (D:4)
  2 orc warriors (D:7)
  3 slaves (D:5)
  A phantom (D:7)
  2 ogres
  2 centaurs (D:7)
  A big kobold (D:8)
  2 bullfrogs (D:8)
  Dowan (D:4)
  A wyvern zombie (D:7)
  2 scorpions
  2 crimson imps
  2 bullfrog zombies
  A centaur zombie (D:8)
  A quasit (D:8)
  7 hounds
  4 orc priests
  A jelly (D:5)
  Jessica (D:3)
  A centaur skeleton (D:8)
  4 iguanas
  7 worker ants
  9 orc wizards
  A hound zombie (D:5)
  2 hound skeletons
  A worker ant zombie (D:8)
  Robin (D:4)
  4 gnolls
  2 howler monkey skeletons
  8 adders
  An adder zombie (D:7)
  2 adder skeletons
  A worm (D:2)
  8 leopard geckos
  22 orcs
  A giant cockroach (D:2)
  12 goblins
  8 hobgoblins
  10 jackals
  10 kobolds
  2 quokkas
  2 ball pythons
  4 bats
  8 frilled lizards
  A leopard gecko skeleton (D:5)
  2 quokka skeletons (D:5)
  2 rats
183 creatures vanquished.

Vanquished Creatures (others)
  A slave (D:5)
1 creature vanquished.

Grand Total: 184 creatures vanquished

Notes
Turn   | Place    | Note
-------+----------+-------------------------------------------
     0 | D:1      | kae the Gargoyle Earth Elementalist began the quest for the Orb.
     0 | D:1      | Reached XP level 1. HP: 10/10 MP: 3/3
  1178 | D:2      | Reached XP level 2. HP: 12/15 MP: 5/5
  1248 | D:2      | Reached skill level 4 in Earth Magic
  1422 | D:2      | Reached XP level 3. HP: 12/19 MP: 2/7
  1554 | D:2      | Learned a level 3 spell: Stone Arrow
  2023 | D:2      | Reached XP level 4. HP: 24/24 MP: 2/8
  2029 | D:2      | Reached skill level 1 in Conjurations
  2281 | D:2      | Found a bloodstained altar of Trog.
  2783 | D:3      | Noticed Jessica
  2785 | D:3      | Killed Jessica
  2943 | D:3      | Reached skill level 1 in Fighting
  2943 | D:3      | Reached skill level 5 in Earth Magic
  2943 | D:3      | Reached XP level 5. HP: 13/29 MP: 3/9
  3316 | D:3      | Noticed Sigmund
  3519 | D:4      | Reached XP level 6. HP: 34/34 MP: 4/11
  3588 | D:4      | Noticed Grinder
  3605 | D:4      | Killed Grinder
  3605 | D:4      | Reached XP level 7. HP: 40/40 MP: 4/13
  3843 | D:4      | Found a burning altar of Makhleb.
  3845 | D:4      | Noticed a green death
  3849 | D:4      | Noticed a hellwing
  3849 | D:4      | Noticed a neqoxec
  3874 | D:4      | Noticed Duvessa
  3874 | D:4      | Noticed Dowan
  3917 | D:4      | Killed Duvessa
  3917 | D:4      | Reached skill level 6 in Earth Magic
  4022 | D:4      | Killed Dowan
  4337 | D:4      | Found a staircase to the Ecumenical Temple.
  4386 | Temple   | Entered the Ecumenical Temple
  4563 | Temple   | Became a worshipper of Vehumet
  4614 | D:4      | Noticed Robin
  4630 | D:4      | Killed Robin
  4945 | D:5      | Entered Level 5 of the Dungeon
  4951 | D:5      | Reached XP level 8. HP: 45/45 MP: 7/15
  5246 | D:5      | Noticed Pikel
  5426 | D:5      | Reached skill level 7 in Earth Magic
  5548 | D:5      | Killed Pikel
  5548 | D:5      | Reached skill level 5 in Spellcasting
  5548 | D:5      | Reached skill level 5 in Conjurations
  5831 | D:5      | Found a white marble altar of Elyvilon.
  5894 | D:5      | Reached XP level 9. HP: 52/52 MP: 7/17
  6025 | D:5      | Reached * piety under Vehumet
  6025 | D:5      | Offered knowledge of Flame Tongue by Vehumet.
  6305 | D:5      | Reached skill level 8 in Earth Magic
  6497 | D:6      | Noticed a two-headed ogre
  6520 | D:6      | Killed a two-headed ogre
  6717 | D:6      | Found Ruetziwn's Assorted Antiques.
  6721 | D:6      | Bought an embroidered robe for 66 gold pieces
  6721 | D:6      | Bought a scroll labeled GUNAZE HINOMP for 18 gold pieces
  6721 | D:6      | Bought a scroll labeled QOLOAPSAELU for 18 gold pieces
  6721 | D:6      | Bought a scroll of identify for 36 gold pieces
  6775 | D:6      | Noticed Menkaure
  6786 | D:6      | Killed Menkaure
  7287 | D:7      | Reached skill level 9 in Earth Magic
  7363 | D:7      | Found a stormy altar of Qazlal.
  7603 | D:7      | Reached ** piety under Vehumet
  7603 | D:7      | Offered knowledge of Shock by Vehumet.
  7653 | D:7      | Found a hide-covered altar of Uskayaw.
  7769 | D:7      | Reached XP level 10. HP: 56/58 MP: 7/20
  8015 | D:7      | Reached skill level 5 in Fighting
  8316 | D:7      | Found a sparkling altar of Nemelex Xobeh.
  8787 | D:8      | Offered knowledge of Mephitic Cloud by Vehumet.
  8804 | D:8      | Reached *** piety under Vehumet
  8913 | D:8      | Slain by an orc warrior

Vault maps used:
D:1:      minmay_arrival_diagonal_passages
D:2:      lightli_temple_of_fire
D:3:      minmay_misc_feat_room, uniq_jessica, uniq_sigmund
D:4:      black_bear_nest_2, temple_fountains, makhleb_altar_promises_db,
          uniq_grinder, uniq_robin, uniq_duvessa
D:5:      kennysheep_mini_moat, first_bread, uniq_pikel
D:6:      serial_shops, shop, dk_noncrumbling_2, uniq_menkaure
D:7:      lemuel_coloured_pillars_altar, lemuel_round_altar,
          nicolae_qazlal_eye_of_the_storm
D:8:      lemuel_doored_altar
Temple:   eino_temple_scatter_basement

Skill      XL: |  1  2  3  4  5  6  7  8  9 10 |
---------------+-------------------------------+-----
Earth Magic    | 4 5 6 7 9 |  9.9
Spellcasting   | 3 4 5 6 7 |  7.3
Conjurations   | 1 2 3 4 5 7 |  7.9
Fighting       | 1 2 3 4 5 |  5.4
Dodging        | 2 3 4 |  4.4
Stealth        | |  2.1
Transmutations | |  0.7

Action                   |  1- 3 |  4- 6 |  7- 9 | 10-12 || total
-------------------------+-------+-------+-------+-------++-------
Melee: Unarmed           |    24 |       |       |       ||    24
       Dagger            |    67 |   104 |   130 |       ||   301
       Whip              |       |       |   119 |    69 ||   188
 Cast: Sandblast         |    15 |    23 |   101 |    50 ||   189
       Stone Arrow       |     2 |     3 |    70 |    21 ||    96
  Use: Scroll            |     4 |     2 |     9 |     1 ||    16
       Potion            |       |     1 |     2 |       ||     3
 Stab: Sleeping          |     3 |       |     4 |       ||     7
       Distracted        |       |       |     2 |     1 ||     3
  Eat: Chunk             |     3 |     6 |    17 |     4 ||    30
Armor: Robe              |    37 |    37 |   152 |    72 ||   298
       Skin              |       |    21 |       |       ||    21
Dodge: Dodged            |    62 |    58 |   201 |   122 ||   443

Table legend:
 A = Spawn XP
 B = Non-spawn XP
 C = Spawn XP percentage of total XP
 D = Spawn monster count
 E = Non-spawn monster count
 F = Spawn count percentage of total count
 G = Total turns spent on level
                    A         B        C        D         E        F      G
               +---------+---------+-------+---------+---------+-------+---------
         Total |       0 |    6621 |   0.0 |       0 |     180 |   0.0 |  8913
               +---------+---------+-------+---------+---------+-------+---------
           D:1 |       0 |       8 |   0.0 |       0 |       6 |   0.0 |  1165
           D:2 |       0 |     100 |   0.0 |       0 |      23 |   0.0 |  1456
           D:3 |       0 |     181 |   0.0 |       0 |      16 |   0.0 |   974
           D:4 |       0 |     900 |   0.0 |       0 |      30 |   0.0 |  1159
           D:5 |       0 |    1315 |   0.0 |       0 |      31 |   0.0 |  1457
           D:6 |       0 |    1433 |   0.0 |       0 |      11 |   0.0 |   811
           D:7 |       0 |    1193 |   0.0 |       0 |      33 |   0.0 |  1157
           D:8 |       0 |    1491 |   0.0 |       0 |      30 |   0.0 |   543
               +---------+---------+-------+---------+---------+-------+---------
